 Dungeon Crawl Stone Soup version 0.29.1-13-g9f3cf754e1 (webtiles) character file.

Game seed: 1824904959269795246

2 wolfrpgdude the Trooper (level 1, -1/20 HPs)
             Began as a Minotaur Fighter on Feb 11, 2023.
             Frozen to death by an endoplasm (5 damage)
             ... on level 1 of the Dungeon.
             The game lasted 00:00:11 (37 turns).

wolfrpgdude the Trooper (Minotaur Fighter)            Turns: 37, Time: 00:00:13

Health: -1/20      AC:  7    Str: 20    XL:     1   Next: 33%
Magic:  0/0        EV:  9    Int:  5    God:
Gold:   26         SH:  4    Dex:  9    Spells: 0/0 levels left

rFire   . . .      SeeInvis .   a - +0 long sword
rCold   . . .      Faith    .   c - +0 buckler
rNeg    . . .      Spirit   .   b - +0 scale mail
rPois   .          Reflect  .   (helmet restricted)
rElec   .          Harm     .   (no cloak)
rCorr   .          Rampage  .   (no gloves)
Will    .....                   (no boots)
Stlth   ..........              (no amulet)
HPRegen 0.06/turn               (no ring)
MPRegen 0.07/turn               (no ring)

@: no status effects
A: horns 2, retaliatory headbutt
a: no special abilities


You were on level 1 of the Dungeon.
You visited 1 branch of the dungeon, and saw 1 of its levels.

You collected 26 gold pieces.

Inventory:

Hand Weapons
 a - a +0 long sword (weapon)
Armour
 b - a +0 scale mail (worn)
 c - a +0 buckler (worn)
Scrolls
 e - a scroll of immolation {unknown}
Potions
 d - a potion of might


   Skills:
 + Level 3.7 Fighting
 + Level 2.5 Long Blades
 + Level 3.7 Armour
 + Level 3.7 Shields


You couldn't memorise any spells.
You didn't know any spells.
Your spell library was empty.

Dungeon Overview and Level Annotations

Branches:
Dungeon (1/15)

Altars:


Innate Abilities, Weirdness & Mutations

You have a pair of horns on your head.
You reflexively headbutt those who attack you in melee.


Message History

You barely miss the goblin. Your headbutt misses the goblin.
The goblin is moderately wounded.
The endoplasm jiggles.
The hobgoblin closely misses you. The goblin closely misses you.
The quokka bites you. The goblin hits you with a +0 club.
The hobgoblin hits you but does no damage.
You are too injured to fight recklessly!
You are too injured to fight recklessly!
You are too injured to fight recklessly!
You are too injured to fight recklessly!
You are too injured to fight recklessly!
You are too injured to fight recklessly!
You are too injured to fight recklessly!
You are too injured to fight recklessly!
You are too injured to fight recklessly!
You are too injured to fight recklessly!
You are too injured to fight recklessly!
You are too injured to fight recklessly!
You are too injured to fight recklessly!
You are too injured to fight recklessly!
You are too injured to fight recklessly!
You are too injured to fight recklessly!
You are too injured to fight recklessly!
You are too injured to fight recklessly!
You are too injured to fight recklessly!
You hit the goblin.
You kill the goblin!
The quokka bites you.
* * * LOW HITPOINT WARNING * * *
The hobgoblin hits you but does no damage.
The quokka closely misses you. You furiously retaliate!
You headbutt the quokka, but do no damage.
You slash the hobgoblin!
You kill the hobgoblin!
You block the endoplasm's attack. The quokka barely misses you.
You furiously retaliate!
You headbutt the quokka!
You kill the quokka!
The endoplasm freezes you.
You are frozen.
You die...

... .#.... ... ..... .
.... .#.. .. ....
...#.# .#. #.# #..#
..... ... #..
#[)###...##.. # ...
#.. #...#†....)#
..##.##.## ###J@†..#
..........###....J#..#
..$.....#.....[...# #
........##....###.#
................#.#
........#.###.#...#
#.##....#.###.......
.##....#.....######
.......#..##(#


You could see 2 endoplasms.

Vanquished Creatures
  A goblin (D:1)
  A hobgoblin (D:1)
  2 quokkas (D:1)
4 creatures vanquished.

Notes
Turn   | Place    | Note
-------+----------+-------------------------------------------
     0 | D:1      | wolfrpgdude the Minotaur Fighter began the quest for the
                  | Orb.
     0 | D:1      | Reached XP level 1. HP: 19/19 MP: 0/0
    37 | D:1      | Frozen to death by an endoplasm

Illustrated notes

Levels and vault maps discovered:
D:1:      saegor_arrival_simple_a, layout_rooms,
          chequers_ecumenical_altar_simple_redux

Action                   || total
-------------------------++-------
Melee: Long sword        ||     9
Armor: Scale mail        ||     7
Dodge: Dodged            ||    11
Block: Buckler           ||     4
